Map: Beckett Industries LE

Players

SpeCial - Winner!

  • Race: Terran Terran
  • League: Master

HAS

  • Race: Protoss Protoss

Event: TSL 7

VOD

Have the link to the VOD?

Description

Time

  • Played on: June 13, 2021, 11:22 a.m.
  • Length: 17:59

All games in this series

Show
View Real Time Build Order
Export as new Build Order

SpeCial Terran - Winner!

Build Orders:  

Get SALT Encoding   

  12  0:00  SCV  
  13  0:12  SCV  
  14  0:17  Supply Depot  
  14  0:24  SCV  
  15  0:38  SCV  
  15  0:40  Barracks  
  16  0:43  Refinery  
  16  0:51  SCV  
  17  0:59  Barracks  
  18  1:04  SCV  
  18  1:16  SCV  
  19  1:27  Reaper  
  19  1:28  Orbital Command  
  20  1:42  Supply Depot  
  20  1:47  Reaper  
  21  1:54  SCV  
  22  2:02  Reaper  
  22  2:06  SCV  
  24  2:13  Command Center  
  24  2:18  SCV  
  25  2:23  Refinery  
  25  2:27  Marine  
  26  2:30  SCV  
  26  2:34  Marine  
  26  2:35  Supply Depot  
  28  2:42  SCV  
  29  2:46  Factory  
  29  2:49  Marine  
  30  2:52  Marine  
  30  2:57  SCV  
  32  3:09  SCV  
  32  3:11  Barracks Reactor, Marine  
  34  3:22  SCV  
  34  3:26  Orbital Command  
  35  3:29  Factory Tech Lab  
  35  3:31  Marine  
  36  3:39  SCV  
  37  3:45  Supply Depot  
  40  3:48  Cyclone  
  40  3:49  Marine x2  
  40  3:50  Barracks Tech Lab  
  40  3:51  SCV  
  40  3:52  Barracks  
  40  3:53  SCV  
  44  4:03  SCV  
  44  4:05  SCV  
  46  4:14  Marine x3  
  46  4:18  SCV x2, Combat Shield  
  51  4:25  Siege Tank  
  51  4:30  SCV  
  52  4:31  Marine  
  52  4:32  Marine x2  
  52  4:33  SCV  
  52  4:36  Supply Depot  
  56  4:42  Engineering Bay  
  56  4:43  SCV  
  56  4:45  SCV, Bunker  
  58  4:48  Marine  
  58  4:49  Marine  
  58  4:50  Marine  
  61  4:55  SCV  
  61  4:57  SCV  
  61  4:59  Supply Depot  
  64  5:07  SCV, Factory Reactor  
  64  5:09  Refinery  
  64  5:10  SCV, Terran Infantry Weapons Level 1  
  64  5:11  Marine x3  
  68  5:16  Supply Depot  
  68  5:23  SCV x2  
  68  5:24  Marine  
  68  5:25  Stimpack  
  71  5:28  Marine x2  
  71  5:29  Supply Depot  
  73  5:35  SCV x2, Marine  
  73  5:42  Marine  
  76  5:46  Starport, Marine  
  76  5:47  SCV  
  76  5:48  SCV  
  76  5:52  Refinery  
  76  5:57  Marine  
  76  6:00  SCV, Marauder x2  
  76  6:01  Factory Tech Lab  
  82  6:04  SCV  
  80  6:12  Missile Turret  
  80  6:15  Marine x2  
  82  6:19  Missile Turret  
  82  6:21  Siege Tank  
  82  6:22  Marauder x2, Medivac x2  
  93  6:26  Supply Depot  
  93  6:30  Supply Depot  
  93  6:33  SCV  
  94  6:48  SCV, Marauder x2, Marine x2  
  94  6:49  Supply Depot  
  94  6:52  SCV, Supply Depot  
  102  6:54  Medivac x2  
  102  6:56  Siege Tank  
  102  7:00  SCV  
  110  7:10  Marine x2  
  110  7:11  Marauder x2  
  110  7:14  Terran Infantry Armor Level 1, Supply Depot  
  116  7:17  SCV x2  
  118  7:28  Marine x2, Viking  
  121  7:33  Viking  
  118  7:40  Marine x2  
  116  7:49  Missile Turret  
  116  7:50  Marine, Missile Turret  
  121  7:58  Marauder x2  
  121  8:01  Viking  
  121  8:03  Viking  
  115  8:06  Marine  
  114  8:20  Marauder x2  
  114  8:22  Marine  
  110  8:28  Missile Turret  
  110  8:29  Marine, Missile Turret, Siege Tank  
  114  8:37  Viking  
  120  8:41  Marauder x2, Marine  
  121  8:49  Marine  
  121  8:55  Viking  
  124  8:59  Marine, Supply Depot  
  124  9:01  Supply Depot  
  124  9:02  Marauder x2  
  129  9:17  Marine, Command Center  
  129  9:20  Siege Tank  
  129  9:24  Marauder x2  
  137  9:25  Supply Depot  
  137  9:33  Viking  
  137  9:34  Viking  
  141  9:39  Missile Turret  
  141  9:41  Marine x2  
  141  9:45  Marauder  
  145  9:50  Barracks  
  145  10:05  Barracks  
  145  10:06  Missile Turret  
  145  10:12  Marine  
  145  10:13  Marauder  
  146  10:28  Marine  
  146  10:29  Marauder  
  146  10:30  Orbital Command, Marine  
  141  10:41  Marauder  
  130  10:46  Marine  
  130  10:48  Marine  
  130  10:49  Orbital Command  
  126  10:50  Marauder  
  126  10:51  Orbital Command  
  126  10:56  Marine x2  
  126  11:01  Marine  
  126  11:04  Marine  
  126  11:07  Marine  
  128  11:12  Marauder  
  128  11:14  Marine  
  128  11:15  Siege Tank  
  129  11:23  Orbital Command  
  129  11:25  Orbital Command  
  129  11:33  Marauder, Marine  
  129  11:34  Marine  
  131  11:53  Medivac  
  133  12:00  Ghost Academy  
  133  12:21  Supply Depot  
  133  12:22  Supply Depot  
  133  12:23  SCV  
  133  12:29  SCV x2  
  136  12:35  SCV  
  137  12:41  SCV  
  138  12:46  Ghost, Supply Depot x2  
  138  12:47  Ghost  
  138  12:49  Marine x2  
  144  12:53  Marine  
  144  12:55  Marine  
  145  12:58  Medivac  
  145  13:04  SCV  
  145  13:07  Orbital Command  
  132  13:13  Ghost  
  132  13:14  Marine  
  132  13:15  Ghost x2  
  132  13:19  SCV  
  140  13:22  SCV  
  141  13:28  Enhanced Shockwaves  
  141  13:31  SCV, Marine x2  
  144  13:35  Concussive Shells  
  144  13:38  SCV x2  
  146  13:43  Marine  
  146  13:44  Marauder  
  141  13:55  Ghost x2  
  141  13:56  Marine x2  
  141  13:57  SCV  
  141  14:01  Marine  
  147  14:05  Marine, Medivac  
  147  14:08  Medivac  
  152  14:11  SCV x2  
  152  14:12  SCV  
  152  14:14  Marine  
  156  14:20  Sensor Tower  
  156  14:22  Supply Depot  
  156  14:23  Marine, Supply Depot  
  157  14:27  SCV x2  
  157  14:29  SCV  
  160  14:40  Marauder, Marine x3  
  160  14:43  Marine  
  160  14:44  Marine  
  167  14:46  SCV x3  
  170  14:58  SCV x2, Marine  
  173  15:01  Armory  
  171  15:09  Marine x3  
  171  15:10  Marine  
  171  15:12  Missile Turret  
  175  15:23  Marine  
  175  15:24  Marauder  
  175  15:28  Marauder, Marine x2  
  178  15:31  Marauder  
  168  15:41  Marine  
  110  16:45  Orbital Command  
  107  16:51  Orbital Command  
Show
View Real Time Build Order
Export as new Build Order

HAS Protoss 

Build Orders: 1 Gate Expand, Oracle Opening 

Get SALT Encoding   

  12  0:00  Probe  
  13  0:12  Probe  
  14  0:17  Pylon  
  14  0:24  Probe (Chrono Boost)  
  16  0:36  Gateway  
  16  0:37  Probe (Chrono Boost)  
  16  0:41  Probe (Chrono Boost)  
  16  0:46  Assimilator  
  17  0:52  Probe  
  18  1:04  Probe  
  19  1:16  Probe  
  20  1:22  Nexus  
  20  1:32  Cybernetics Core  
  20  1:36  Probe  
  21  1:41  Assimilator  
  21  1:50  Probe  
  21  1:52  Pylon  
  22  2:02  Probe  
  22  2:07  Adept (Chrono Boost)  
  23  2:10  Warp Gate  
  23  2:14  Probe  
  26  2:26  Probe  
  26  2:30  Stargate  
  26  2:34  Probe, Shield Battery  
  26  2:35  Adept (Chrono Boost)  
  27  2:41  Probe  
  30  2:47  Probe  
  30  2:50  Shield Battery  
  31  2:54  Probe  
  31  2:59  Probe  
  31  3:06  Probe  
  31  3:11  Oracle (Chrono Boost)  
  31  3:12  Probe  
  36  3:20  Probe (Chrono Boost)  
  36  3:24  Probe (Chrono Boost)  
  37  3:32  Gateway  
  37  3:33  Probe (Chrono Boost)  
  39  3:34  Probe (Chrono Boost)  
  39  3:41  Oracle (Chrono Boost), Pylon  
  40  3:42  Probe  
  40  3:46  Probe  
  44  3:54  Gateway  
  44  3:57  Probe  
  44  3:58  Probe  
  46  4:09  Probe  
  47  4:10  Probe  
  48  4:20  Oracle (Chrono Boost)  
  48  4:21  Probe, Shield Battery  
  48  4:23  Probe  
  53  4:31  Pylon  
  53  4:33  Pylon  
  53  4:36  Probe  
  54  4:40  Assimilator  
  54  4:42  Assimilator  
  54  4:44  Robotics Facility  
  54  4:49  Probe x2  
  54  4:50  Stalker  
  54  4:51  Stalker  
  60  5:00  Stalker  
  60  5:01  Probe  
  60  5:04  Probe  
  64  5:11  Forge  
  64  5:13  Probe  
  65  5:15  Pylon, Sentry  
  65  5:16  Probe, Stalker  
  70  5:27  Nexus  
  70  5:33  Probe x2, Observer (Chrono Boost)  
  73  5:39  Robotics Bay  
  73  5:47  Immortal (Chrono Boost)  
  73  5:49  Protoss Ground Weapons Level 1 (Chrono Boost)  
  77  5:58  Probe  
  77  6:00  Pylon x2  
  78  6:06  Pylon  
  82  6:20  Zealot x3  
  82  6:22  Pylon  
  82  6:24  Shield Battery  
  88  6:25  Colossus (Chrono Boost)  
  88  6:27  Shield Battery  
  90  6:35  Twilight Council  
  90  6:42  Probe x3  
  90  6:45  Sentry x3  
  99  6:51  Gateway  
  99  6:52  Gateway  
  99  6:55  Probe  
  99  6:59  Shield Battery  
  100  7:02  Shield Battery  
  100  7:05  Colossus (Chrono Boost)  
  106  7:12  Probe  
  106  7:13  Probe x2  
  109  7:23  Stalker x3  
  113  7:49  Zealot x5  
  123  7:53  Pylon  
  123  7:54  Pylon  
  123  7:56  Pylon  
  121  8:09  Colossus (Chrono Boost), Stalker x2  
  121  8:10  Zealot  
  121  8:12  Pylon  
  124  8:13  Pylon  
  127  8:25  Protoss Ground Weapons Level 2 (Chrono Boost)  
  127  8:27  Zealot x2  
  121  8:30  Charge  
  121  8:33  Zealot x3  
  129  8:40  Shield Battery  
  129  8:42  Shield Battery  
  129  8:47  Shield Battery  
  129  8:49  Zealot x2, Immortal (Chrono Boost)  
  129  8:52  Templar Archives  
  129  8:54  Gateway  
  137  9:04  Pylon x2  
  137  9:05  Zealot  
  137  9:06  Zealot  
  141  9:15  Shield Battery  
  141  9:19  Immortal (Chrono Boost)  
  141  9:20  Zealot x3  
  141  9:22  Pylon  
  151  9:24  Pylon  
  150  9:35  Probe x3  
  152  9:44  Pylon, Nexus  
  152  9:46  High Templar x4  
  152  9:47  Zealot  
  152  9:50  Observer  
  137  10:02  Archon  
  137  10:03  Archon  
  136  10:18  Zealot x5  
  136  10:19  Zealot  
  145  10:22  Immortal  
  148  10:39  High Templar x3  
  148  10:40  Zealot  
  150  10:43  Archon  
  150  10:56  Pylon  
  150  10:58  Disruptor (Chrono Boost), Pylon  
  150  11:02  Shield Battery  
  152  11:05  Shield Battery  
  152  11:06  High Templar  
  152  11:07  Zealot  
  155  11:14  Archon  
  155  11:30  Pylon x2  
  155  11:33  Pylon  
  155  11:34  Observer (Chrono Boost)  
  150  11:49  Disruptor (Chrono Boost)  
  150  11:52  High Templar  
  150  11:53  High Templar  
  155  11:56  Nexus  
  155  11:57  Archon, Psionic Storm  
  155  12:06  Probe, Pylon  
  156  12:23  High Templar  
  156  12:29  Warp Prism (Chrono Boost)  
  158  12:32  Probe x2  
  162  12:40  High Templar  
  162  12:44  Probe  
  165  12:48  Probe  
  165  12:49  Zealot  
  165  12:50  Zealot  
  155  13:19  Pylon  
  155  13:24  Zealot x5  
  155  13:25  Warp Prism (Chrono Boost)  
  167  13:37  Probe x2  
  167  13:39  Probe, Pylon  
  170  13:41  Archon  
  170  13:47  High Templar x4  
  174  13:49  Probe x2  
  176  13:58  Forge  
  176  13:59  Probe  
  176  14:00  Forge  
  177  14:03  Probe  
  178  14:19  Gravitic Drive (Chrono Boost)  
  178  14:21  Nexus  
  178  14:26  High Templar  
  178  14:27  High Templar x2  
  178  14:31  Probe x3, Pylon  
  187  14:35  Gateway  
  187  14:37  Gateway  
  186  14:40  Observer (Chrono Boost)  
  187  14:47  Robotics Facility  
  187  14:59  Probe x3  
  162  15:24  High Templar  
  162  15:25  Zealot x4  
  139  15:47  High Templar  
  108  16:09  High Templar x3  
  100  16:17  Probe  
  99  16:36  Pylon  
Tags
 
Add a new tag
Caveats
  • Supply blocks, unpowered buildings, or Contaminate may cause inaccurate times.
  • Supply counts are checked every 10 seconds.